 Dungeon Crawl Stone Soup version 0.28-a0-1199-gef9e1dbd39 (webtiles) character file.

Game seed: 6696418990692168255

129 sanka the Chopper (level 4, -4/37 HPs)
             Began as a Palentonga Abyssal Knight on Dec 19, 2021.
             Was a Believer of Lugonu.
             Killed from afar by an orc wizard (10 damage)
             ... with a magic dart
             ... on level 3 of the Dungeon.
             The game lasted 00:02:37 (2719 turns).

sanka the Chopper (Palentonga Abyssal Knight)       Turns: 2719, Time: 00:02:37

Health: -4/37      AC:  4    Str: 18    XL:     4   Next: 88%
Magic:  0/5        EV:  4    Int: 10    God:    Lugonu [**....]
Gold:   257        SH:  9    Dex: 11    Spells: 3/3 levels left

rFire   . . .      SeeInvis +   a - +1 hand axe
rCold   . . .      Faith    .   o - +0 tower shield
rNeg    . . .      Spirit   +   b - +0 leather armour
rPois   .          Reflect  .   (no helmet)
rElec   .          Harm     .   (no cloak)
rCorr   .          Rampage  .   (no gloves)
Will    .....                   (no barding)
Stlth   +.........              e - amulet of guardian spirit
HPRegen 0.12/turn               (no ring)
MPRegen 0.09/turn               (no ring)

@: no status effects
A: large, rugged brown scales 3, see invisible, deformed body, roll 1, armoured
tail
a: Rolling Charge, Renounce Religion, Depart the Abyss, Bend Space


You were on level 3 of the Dungeon.
You worshipped Lugonu.
Lugonu was pleased with you.
You visited 1 branch of the dungeon, and saw 3 of its levels.
You visited the Abyss 1 time.

You collected 257 gold pieces.


Innate Abilities, Weirdness & Mutations

You are completely covered in rugged brown scales. (AC +3, +7% HP)
You have supernaturally acute eyesight. (SInv)
Armour fits poorly on your strangely shaped body.
You can roll at nearby foes to attack.
You have a long armoured tail.


   Skills:
 - Level 3.0 Fighting
 + Level 5.1 Axes
 - Level 1.5 Armour
 - Level 0.7 Dodging
 * Level 0.0 Shields
 - Level 2.0 Invocations


You had 3 spell levels left.
You didn't know any spells.
Your spell library contained the following spells:

 Spells                   Type           Power      Damage    Failure   Level
 Magic Dart               Conj           0%         1d3       100%        1
 Call Imp                 Summ           0%         N/A       100%        2
 Mephitic Cloud           Conj/Pois/Air  0%         N/A       100%        3

Inventory:

Hand Weapons
 a - a +1 hand axe (weapon)
Armour
 b - a +0 leather armour (worn)
 o - a +0 tower shield (worn)
Jewellery
 e - an amulet of guardian spirit (around neck)
Scrolls
 c - a scroll of brand weapon {unknown}
 f - a scroll of vulnerability {unknown}
 i - a scroll of identify {unknown}
 j - a scroll of teleportation {unknown}
 k - a scroll of amnesia {unknown}
 l - a scroll of fog {unknown}
 p - a scroll of immolation {unknown}
Potions
 d - 2 potions of curing {unknown}
 g - a potion of ambrosia {unknown}
 h - 2 potions of lignification {unknown}
 m - a potion of mutation {unknown}
 n - a potion of berserk rage {unknown}

Dungeon Overview and Level Annotations

Branches:
Dungeon (3/15)

Altars:
Makhleb

▒.................
▒.▒▒▒▒▒▒▒▒▒▒▒▒.▒..
▒.▒ ▒.... ▒.▒
▒▒▒.. ▒)▒ ▒▒.. ▒.▒
▒... ▒.▒ ▒... ▒.▒
▒... ▒H▒ ▒▒▒▒▒...
▒.▒ ▒.......
▒oool.8.< ▒.......
▒▒▒...... ▒.......
▒8.>.8▒▒.......
▒...▒▒........
▒▒▒▒▒▒▒▒▒▒▒▒▒


You could see an orc wizard (invisible) and an orc.


Message History

Found a stone staircase leading up.
You hit the orc.
The orc is lightly wounded.
You block the orc's attack. The orc hits you with a +0 flail.
You closely miss the orc.
The orc is lightly wounded.
The orc hits you with a +0 flail.
Unknown command.
You hit the orc but do no damage.
The orc is lightly wounded.
You hit the orc wizard.
The orc wizard hits you with a +0 dagger.
The orc hits you with a +0 flail!
A frilled lizard comes into view.
The orc wizard casts a spell at you. The magic dart hits you!
* * * LOW HITPOINT WARNING * * *
You miss the orc wizard. You tail-slap the orc wizard.
The orc wizard is heavily wounded.
You barely miss the orc. The orc hits you with a +0 flail.
* * * LOW HITPOINT WARNING * * *
The orc wizard hits you but does no damage.
The orc hits you with a +0 flail.
* * * LOW HITPOINT WARNING * * *
The orc wizard points at you and mumbles some strange words.
The magic dart hits you!
You die...

Action                   |  1- 3 |  4- 6 || total
-------------------------+-------+-------++-------
Melee: Hand axe          |   111 |    55 ||   166
       Tailslap          |    14 |     3 ||    17
 Abil: Rolling Charge    |     6 |       ||     6
Armor: Leather armour    |    57 |    25 ||    82
Dodge: Dodged            |    66 |    23 ||    89
Block: Tower shield      |       |     2 ||     2

Levels and vault maps discovered:
D:1:      matt_arrival_los_fun, layout_basic, shapermc_ecumenical_altar_ellora,
          st_stairs_10
D:2:      cheibrodos_greedy_goblins, layout_rooms
D:3:      layout_basic, amcnicky_altar_gilded, grunt_ministairs_7

Notes
Turn   | Place    | Note
-------+----------+-------------------------------------------
     0 | Abyss:1  | sanka the Palentonga Abyssal Knight began the quest for the
                  | Orb.
     0 | Abyss:1  | Reached XP level 1. HP: 19/19 MP: 2/2
     7 | D:1      | Escaped the Abyss
   218 | D:1      | Reached XP level 2. HP: 22/25 MP: 3/3
   344 | D:1      | Reached skill level 3 in Axes
   517 | D:1      | Reached ** piety under Lugonu
   738 | D:1      | Found a faded altar of an unknown god.
   913 | D:1      | Reached XP level 3. HP: 31/31 MP: 4/4
  1557 | D:2      | Reached skill level 4 in Axes
  1645 | D:2      | Reached XP level 4. HP: 17/37 MP: 3/5
  2162 | D:3      | Reached skill level 5 in Axes
  2290 | D:3      | Found a burning altar of Makhleb.
  2719 | D:3      | Killed from afar by an orc wizard

Vanquished Creatures
  A bullfrog skeleton (D:3)
  2 adders (D:2)
  2 worms (D:2)
  2 dart slugs
  An orc (D:3)
  5 endoplasms (D:1)
  6 giant cockroaches
  8 hobgoblins
  2 quokkas
  2 ball pythons
  12 bats
  2 frilled lizards (D:3)
  10 goblins
  5 kobolds
  8 rats
68 creatures vanquished.
